 Dungeon Crawl Stone Soup version 0.30-a0-920-g7493c07aab (webtiles) character file.

Game seed: 6729452955898058696

5178 holysushi the Stormcaller (level 10, -2/56 HPs)
             Began as a Tengu Air Elementalist on Mar 21, 2023.
             Was an Initiate of Gozag.
             Succumbed to a kobold brigand's curare-tipped dart
             ... on level 10 of the Dungeon.
             The game lasted 00:20:50 (14460 turns).

holysushi the Stormcaller (Tengu Air Elementalist) Turns: 14460, Time: 00:20:51

Health: -2/56      AC: 10    Str:  8    XL:     10   Next: 60%
Magic:  5/18       EV: 18    Int: 26    God:    Gozag
Gold:   352        SH:  0    Dex: 15    Spells: 3/19 levels left

rFire   . . .      SeeInvis .    P - +7 trident "Begak" {freeze, rN+}
rCold   + . .      Faith    .    e - orb {mayhem}
rNeg    + . .      Spirit   .    K - +0 steam dragon scales
rPois   .          Reflect  .    (helmet restricted)
rElec   .          Rampage  .    b - +2 cloak of Duty {rC+ Stlth+}
rCorr   .                        g - +1 pair of gloves
Will    +....                    (boots unavailable)
Stlth   ++++                     (no amulet)
HPRegen 0.29/turn                F - +6 ring of intelligence
MPRegen 0.16/turn                j - ring of willpower

@: lethally poisoned (-2 -> -27), flying quickly and evasively, slowed, very
slow
A: beak, talons 3, nimble flight
a: Renounce Religion, Potion Petition, Call Merchant, Bribe Branch


You were on level 10 of the Dungeon.
You worshipped Gozag.
Gozag was aware of your devotion.
You visited 2 branches of the dungeon, and saw 11 of its levels.

You collected 1425 gold pieces.
You spent 1007 gold pieces at shops.
You paid 66 gold pieces to Gozag.

Inventory:

Hand Weapons
 h - a +1 vampiric short sword
 P - the +7 trident "Begak" (weapon) {freeze, rN+}
   (You bought it in a shop on level 9 of the Dungeon)

   rN:        It protects you from negative energy.
Missiles
 M - a throwing net
Armour
 a - a +0 robe
 b - the +2 cloak of Duty (worn) {rC+ Stlth+}
   (You acquired it on level 1 of the Dungeon)

   rC:        It protects you from cold.
   Stlth:     It makes you more stealthy.
 e - an orb of mayhem (worn)
 g - a +1 pair of gloves (worn)
 y - a +0 cloak
 K - +0 steam dragon scales (worn)
Jewellery
 f - a ring of poison resistance
 j - a ring of willpower (right hand)
 C - a ring of resist corrosion
 F - a +6 ring of intelligence (left hand)
 I - an amulet of magic regeneration
 L - a +6 ring of strength
Wands
 c - a wand of flame (20)
 k - a wand of mindburst (6)
 m - a wand of roots (13)
 x - a wand of polymorph (11)
 J - a wand of charming (4)
Scrolls
 d - 3 scrolls of fear
 i - 2 scrolls of blinking
 o - 2 scrolls of noise
 p - 2 scrolls of teleportation
 r - a scroll of fog
 t - 2 scrolls of magic mapping
 A - 6 scrolls of vulnerability {unknown}
 B - 5 scrolls of identify
 D - a scroll of amnesia {unknown}
 G - 2 scrolls of poison {unknown}
 H - a scroll of enchant weapon {unknown}
Potions
 l - 4 potions of might
 n - a potion of mutation
 q - a potion of lignification
 s - 5 potions of curing
 u - a potion of ambrosia
 v - a potion of brilliance
 w - 3 potions of haste {unknown}
 z - a potion of flight {unknown}
 E - a potion of resistance {unknown}
 N - a potion of cancellation {unknown}
 O - 2 potions of berserk rage {unknown}


   Skills:
 - Level 4.0 Fighting
 + Level 6.5 Dodging
 + Level 4.5 Stealth
 - Level 5.0 Spellcasting
 - Level 5.0 Conjurations
 - Level 15.0 Air Magic
 - Level 2.0 Evocations


You had 3 spell levels left.
You knew the following spells:

 Your Spells              Type           Power      Damage    Failure   Level
a - Shock                 Conj/Air       100%       1d9       1%          1
b - Static Discharge      Conj/Air       100%       2-7/arc   1%          2
c - Swiftness             Air            71%        N/A       1%          3
d - Airstrike             Air            35%        2d(6-22)  1%          4
e - Conjure Ball Lightni  Conj/Air       27%        3x3d8     19%         6

Your spell library contained the following spells:

 Spells                   Type           Power      Damage    Failure   Level
 Magic Dart               Conj           100%       1d8       1%          1
 Mephitic Cloud           Conj/Pois/Air  41%        N/A       1%          3
 Momentum Strike          Conj/Tloc      38%        3d9       4%          2
 Dazzling Flash           Conj/Hex       38%        N/A       9%          3
 Call Imp                 Summ           6%         N/A       12%         2
 Ensorcelled Hibernation  Hex/Ice        12%        N/A       12%         2
 Spider Form              Tmut/Pois      6%         N/A       22%         3
 Silence                  Hex/Air        22%        N/A       10%         5
 Iskenderun's Battlesphe  Conj           32%        2d8       26%         5
 Anguish                  Hex/Necr       3%         N/A       58%         4
 Olgreb's Toxic Radiance  Pois           6%         N/A       58%         4
 Fireball                 Conj/Fire      9%         3d6       58%         5
 Agony                    Necr           6%         N/A       91%         5
 Malign Gateway           Summ/Tloc      3%         N/A       100%        7
 Orb of Destruction       Conj           16%        9d7       100%        7


Dungeon Overview and Level Annotations

Branches:
Dungeon (10/15) Zot: 26547  Temple (1/1) D:5 Zot: 5685     Orc (0/2) D:9
   Lair: D:8-11

Altars:
Ashenzari
Cheibriados
Dithmenos
Elyvilon
Fedhas
Gozag
Hepliaklqana
Kikubaaqudgha
Makhleb
Nemelex Xobeh
Okawaru
Qazlal
Ru
Sif Muna
Trog
Uskayaw
Vehumet
Wu Jian
Xom
Yredelemnul
Zin
The Shining One

Shops:
D:1 ?(   D:4 *   D:9 (=

Annotations:
D:10 1 transporter


Innate Abilities, Weirdness & Mutations

You have a beak for a mouth.
You have claws for feet.
Your magical nature lets you fly swiftly and evasively.


Message History

The air twists around and strikes the kobold!
You kill the kobold!
You feel very sick.
A kobold comes into view.
It is wielding a +0 whip and quivering poisoned darts.
You feel very sick.
You feel sick.
You feel sick.
You feel sick.
The kobold brigand throws a curare-tipped dart.
The curare-tipped dart hits you.
You are more poisoned.
You have difficulty breathing.
You feel as though you will be slow longer.
You feel very sick.
The kobold brigand throws a curare-tipped dart.
The curare-tipped dart misses you.
The kobold falls through a shaft!
The shaft crumbles and collapses.
You feel very sick.
You feel sick.
The kobold throws a poisoned dart.
The poisoned dart misses you.
The kobold throws a poisoned dart.
The poisoned dart hits you!
You are more poisoned.
You feel better.
The kobold brigand throws a curare-tipped dart.
The curare-tipped dart misses you.
The kobold brigand throws a curare-tipped dart.
The curare-tipped dart hits you.
You are poisoned.
You have difficulty breathing.
You feel as though you will be slow longer.
The kobold throws a poisoned dart.
The poisoned dart closely misses you.
You feel very sick.
You feel very sick.
The kobold brigand throws a curare-tipped dart.
The curare-tipped dart hits you.
You are lethally poisoned!
You have difficulty breathing.
* * * LOW HITPOINT WARNING * * *
You feel as though you will be slow longer.
You die...
Your body crumbles into a pile of gold.

##.#K....# ##...##
##.....#####...#
#..K..###.....## ###
##..K...##.....#.
##..##................
#.....##.......##!....
#..............#......
##.............##.....
#<...@.........###....
#...#...........#.....
#.............#........
.............####......#
#.........#.######.....#
#........##.##.####.....
###.......#.............
#...............#..##.
...#####........#.....


You could see a kobold brigand.

Vanquished Creatures
  Harold (D:9)
  Maggie (D:7)
  A hornet (D:9)
  Prince Ribbit (D:9)
  A wraith (D:10)
  2 vampires
  An acid dragon (D:10)
  2 water moccasins (D:7)
  A sky beast (D:7)
  An ice beast (D:8)
  2 black bears
  5 orc warriors
  2 ogres (D:9)
  2 phantoms
  A centaur (D:9)
  A kobold brigand (D:8)
  Blork the orc (D:4)
  A bullfrog (D:9)
  3 scorpions
  2 wights (D:7)
  7 killer bees
  A gnoll bouda (D:8)
  3 hounds
  A jelly (D:5)
  Crazy Yiuf (D:4)
  2 sleepcaps
  Ijyb (D:3)
  5 orc priests
  3 iguanas
  Natasha (thrice) (D:3)
  Terence (D:1)
  4 orc wizards
  4 gnolls
  15 adders
  An ufetubus (D:6)
  2 worms
  A dart slug (D:4)
  40 orcs
  8 ball pythons
  4 endoplasms
  2 giant cockroaches
  5 goblins
  6 hobgoblins
  A quokka (D:3)
  2 training dummies (D:5)
  4 bats
  4 frilled lizards
  12 kobolds
  6 rats
181 creatures vanquished.

Vanquished Creatures (collateral kills)
  2 wights (D:7)
  An orc wizard (D:9)
  2 gnolls
  16 orcs
  2 kobolds
23 creatures vanquished.

Vanquished Creatures (others)
  An orc wizard (D:9)
  2 kobolds
3 creatures vanquished.

Grand Total: 207 creatures vanquished

Notes
Turn   | Place    | Note
-------+----------+-------------------------------------------
     0 | D:1      | holysushi the Tengu Air Elementalist began the quest for
                  | the Orb.
     0 | D:1      | Reached XP level 1. HP: 10/10 MP: 4/4
   212 | D:1      | Found Puowey Anku's Weapon Shop.
   216 | D:1      | Reached XP level 2. HP: 15/15 MP: 3/6
   284 | D:1      | Found Siqickus's Magic Scroll Shoppe.
   307 | D:1      | Learned a level 2 spell: Static Discharge
   487 | D:1      | Found a faded altar of an unknown god.
   707 | D:1      | Upgraded the game from 0.30-a0-918-g0ff054e9dc to
                  | 0.30-a0-920-g7493c07aab
   737 | D:2      | Noticed Terence
   845 | D:2      | Reached XP level 3. HP: 19/19 MP: 4/7
  1036 | D:2      | Reached skill level 5 in Air Magic
  1180 | D:2      | Reached XP level 4. HP: 22/24 MP: 3/8
  1274 | D:2      | Reached skill level 6 in Air Magic
  1820 | D:3      | Noticed Ijyb
  1826 | D:3      | Learned a level 3 spell: Swiftness
  1845 | D:3      | Killed Ijyb
  1845 | D:3      | HP: 1/24 [/static electricity (2)]
  1846 | D:3      | Gained mutation: Your magical nature lets you fly swiftly
                  | and evasively. [Tengu growth]
  1846 | D:3      | Reached XP level 5. HP: 2/28 MP: 2/9
  2308 | D:3      | Reached skill level 7 in Air Magic
  2631 | D:3      | Noticed Natasha
  2639 | D:3      | Killed Natasha
  2640 | D:3      | Reached XP level 6. HP: 24/32 MP: 6/11
  2660 | D:3      | Noticed Natasha
  2667 | D:3      | Killed Natasha
  2930 | D:3      | Noticed Natasha
  2936 | D:3      | Killed Natasha
  3038 | D:3      | Learned a level 4 spell: Airstrike
  3583 | D:4      | Noticed Blork the orc
  3586 | D:4      | Killed Blork the orc
  3587 | D:4      | Reached skill level 8 in Air Magic
  3785 | D:4      | Found Wocsoidd's General Store.
  3793 | D:4      | Bought a scroll of enchant armour for 90 gold pieces
  3793 | D:4      | Bought a scroll of identify for 24 gold pieces
  3793 | D:4      | Bought a scroll of identify for 24 gold pieces
  3943 | D:4      | Found a runed translucent door.
  3944 | D:4      | Noticed Crazy Yiuf
  4443 | D:4      | Reached skill level 1 in Fighting
  4443 | D:4      | Reached skill level 1 in Evocations
  4443 | D:4      | Reached XP level 7. HP: 33/38 MP: 5/13
  4665 | D:4      | Killed Crazy Yiuf
  4769 | D:5      | Entered Level 5 of the Dungeon
  5172 | D:5      | Reached skill level 9 in Air Magic
  5573 | D:5      | Reached XP level 8. HP: 20/44 MP: 0/14
  5818 | D:5      | Found a radiant altar of Vehumet.
  5916 | D:5      | Found a staircase to the Ecumenical Temple.
  6036 | Temple   | Entered the Ecumenical Temple
  6371 | Temple   | Became a worshipper of Gozag Ym Sagoz the Greedy
  6689 | D:1      | Killed Terence
  6736 | D:1      | Found Puowey Anku's Weapon Shop.
  6749 | D:1      | Found Siqickus's Magic Scroll Shoppe.
  6879 | D:1      | Found a faded altar of an unknown god.
  7248 | D:6      | Reached skill level 10 in Air Magic
  7722 | D:6      | Reached skill level 5 in Dodging
  7905 | D:6      | You are sucked into a shaft and drop 3 floors!
  8021 | D:9      | Reached skill level 11 in Air Magic
  8166 | D:8      | Got the Opusculum on Virulent Movement
  8605 | D:8      | Reached skill level 12 in Air Magic
  8765 | D:7      | Reached XP level 9. HP: 48/48 MP: 3/15
  9116 | D:7      | Reached skill level 13 in Air Magic
  9669 | D:7      | Noticed Maggie
  9798 | D:7      | Killed Maggie
 11094 | D:9      | Noticed a hornet
 11105 | D:9      | Killed a hornet
 11106 | D:9      | Reached skill level 14 in Air Magic
 11249 | D:9      | Noticed Prince Ribbit
 11594 | D:1      | Bought a scroll of acquirement for 572 gold pieces
 11594 | D:1      | Acquired the +2 cloak of Duty {rC+ Stlth+}
 11943 | D:9      | Found a staircase to the Orcish Mines.
 12091 | D:9      | Killed Prince Ribbit
 12092 | D:9      | Reached skill level 5 in Spellcasting
 12092 | D:9      | Reached skill level 5 in Conjurations
 12092 | D:9      | Reached XP level 10. HP: 53/53 MP: 9/18
 12103 | D:9      | Learned a level 6 spell: Conjure Ball Lightning
 12297 | D:9      | Reached skill level 15 in Air Magic
 12582 | D:9      | Found Ytec's Antique Weapon Emporium.
 12582 | D:9      | Found Ticashrao's Jewellery Emporium.
 12637 | D:9      | Bought a shimmering trident for 297 gold pieces
 12637 | D:9      | Identified the +7 trident "Begak" {freeze, rN+} (You bought
                  | it in a shop on level 9 of the Dungeon)
 13538 | D:9      | Noticed Harold
 13609 | D:9      | Killed Harold
 13989 | D:10     | Entered Level 10 of the Dungeon
 14016 | D:10     | Found an ancient bone altar of Kikubaaqudgha.
 14018 | D:10     | Noticed a death knight
 14023 | D:10     | Found a basalt altar of Yredelemnul.
 14026 | D:10     | Found a transporter.
 14460 | D:10     | Succumbed to a kobold brigand's curare-tipped dart

Illustrated notes

Levels and vault maps discovered:
D:1:      nicolae_arrival_memento_mori, layout_rooms, serial_shops,
          nicolae_diamond_shop, nicolae_shop_bloodbath_and_beyond,
          shapermc_ecumenical_altar_mp_vishouse, hangedman_feature_mirror
D:2:      layout_loops_cross, minmay_snake_closets, uniq_terence
D:3:      layout_basic, uniq_ijyb, uniq_natasha
D:4:      layout_gridville, serial_shops, shop, chequers_serial_rivers_small_3,
          amcnicky_mini_corridor_feature, lemuel_flame_loot_1,
          uniq_crazy_yiuf_cottage, uniq_blork_the_orc
D:5:      dreamdust_elfheim, layout_loops_cross, overflow_temple_1_default,
          minmay_temple_entry_poolview
D:6:      layout_basic
D:7:      layout_basic, uniq_maggie
D:8:      layout_basic, hangedman_decor_points
D:9:      layout_roguey [special_room_orc], hiddenorc1_lemuel, library_closet,
          nicolae_kite_square_tiling_tiny, dk_noncrumbling_2,
          nicolae_concentric_dashed_squares_mild, nicolae_wooded_promenade,
          uniq_harold, uniq_prince_ribbit1
D:10:     layout_cave_pools, gammafunk_temple_of_torment
Temple:   compressed_dpeg_triangle_lava_temple

Skill      XL: |  1  2  3  4  5  6  7  8  9 10 |
---------------+-------------------------------+-----
Air Magic      | 5 6 7 8 9 12 14 15 | 15.0
Spellcasting   | 3 5 |  5.0
Fighting       | 1 2 4 |  4.0
Dodging        | 3 4 5 6 |  6.5
Evocations     | 1 2 |  2.0
Conjurations   | 5 |  5.0
Stealth        | 4 |  4.5

Action                     |  1- 3 |  4- 6 |  7- 9 | 10-12 || total
---------------------------+-------+-------+-------+-------++-------
  Melee: Unarmed           |    29 |       |       |       ||    29
         Peck              |     7 |     6 |     6 |     3 ||    22
         Kick              |     6 |     6 |    15 |     3 ||    30
         Punch             |     1 |       |       |       ||     1
         Short sword       |     1 |    28 |    46 |     5 ||    80
         Trident           |       |       |       |     8 ||     8
   Cast: Shock             |    43 |    68 |     3 |       ||   114
         Static Discharge  |     2 |    18 |    11 |       ||    31
         Airstrike         |       |     4 |   103 |    55 ||   162
         Swiftness         |       |       |       |     1 ||     1
  Evoke: Wand              |       |       |     2 |       ||     2
    Use: Potion            |     2 |       |     2 |     2 ||     6
         Scroll            |     1 |    13 |     1 |       ||    15
   Stab: Invisible         |     1 |       |       |       ||     1
 Armour: Robe              |     5 |     6 |    12 |       ||    23
         Steam dragon scal |       |       |     4 |     3 ||     7
  Dodge: Dodged            |    28 |    39 |    63 |    27 ||   157

Table legend: (Time is in decaauts)
 A = Elapsed time spent in this place.
 B = Non-inter-level travel time spent in this place.
 C = Inter-level travel time spent in this place.
 D = Time resting spent in this place.
 E = Time spent auto-exploring this place.
 F = Levels seen in this place.
 G = Mean time per level.
                   A        B        C        D        E       F      G
               +--------+--------+--------+--------+--------+-----+--------+
         Total |  13725 |  12779 |    946 |   2639 |   8164 |  11 | 1247.7 |
       Dungeon |  13411 |  12475 |    936 |   2639 |   7917 |  10 | 1341.1 |
        Temple |    314 |    305 |      9 |      0 |    246 |   1 |  314.0 |
               +--------+--------+--------+--------+--------+-----+--------+

Top non-repeatable levels by time:
     D:9: 2271 daAuts
     D:8: 1859 daAuts
     D:3: 1555 daAuts
     D:4: 1410 daAuts
     D:5: 1249 daAuts
     D:7: 1203 daAuts
     D:1: 1188 daAuts
     D:6: 1155 daAuts
     D:2: 1065 daAuts
    D:10: 452 daAuts
  Temple: 314 daAuts
